 Dungeon Crawl Stone Soup version 0.23-a0-767-gdc19b93d68 (webtiles) character file.

1906 Enroth the Slasher (level 9, -3/46 HPs)
             Began as a Vine Stalker Fighter on Jan 21, 2019.
             Engulfed by a cloud of flame (9 damage)
             ... on level 6 of the Dungeon.
             The game lasted 00:19:18 (5364 turns).

Enroth the Slasher (Vine Stalker Fighter)           Turns: 5364, Time: 00:19:18

Health: -3/46      AC: 13    Str: 19    XL:     9   Next: 16%
Magic:  0/16       EV:  6    Int: 11    God:
Gold:   281        SH: 15    Dex: 19    Spells: 17/17 levels left

rFire    . . .     SeeInvis +   a - +0 long sword
rCold    . . .     Gourm    .   x - +0 large shield
rNeg     + . .     Faith    .   v - +0 plate armour
rPois    .         Spirit   +   (no helmet)
rElec    .         Reflect  .   n - +0 cloak
rCorr    .         Harm     .   s - +2 pair of gloves
MR       +....                  (no boots)
Stlth    ..........             (no amulet)
HPRegen  0.55/turn              e - ring of see invisible
MPRegen  0.15/turn              c - ring of positive energy

@: agile, lethally poisoned (-3 -> -3)
A: fangs 3, yellow scales 1, deformed body, regeneration 1, magic shield,
antimagic bite, no potion heal 3, rot immunity
a: no special abilities


You were on level 6 of the Dungeon.
You were hungry.

You visited 2 branches of the dungeon, and saw 7 of its levels.

You collected 281 gold pieces.

Inventory:

Hand Weapons
 a - a +0 long sword (weapon)
Armour
 n - a +0 cloak (worn)
 s - a +2 pair of gloves (worn)
 v - a +0 plate armour (worn)
 x - a +0 large shield (worn)
Jewellery
 c - a ring of positive energy (right hand)
 e - a ring of see invisible (left hand)
Scrolls
 d - a scroll of fog
 i - 2 scrolls of amnesia {unknown}
 j - 9 scrolls of remove curse
 k - 7 scrolls of identify
 l - a scroll of teleportation {unknown}
 m - 2 scrolls of blinking {unknown}
Potions
 o - a potion of heal wounds
 p - a potion of flight
 q - 2 potions of magic
 u - a potion of brilliance {unknown}
 z - 2 potions of curing
Comestibles
 f - 10 rations


   Skills:
 + Level 4.6 Fighting
 + Level 6.4 Long Blades
 + Level 4.6 Armour
 + Level 5.3 Shields
 * Level 4.6 Spellcasting


You had 17 spell levels left.
You didn't know any spells.
Your spell library contained the following spells:

 Spells                   Type           Power        Failure   Level  Hunger
 Summon Small Mammal      Summ           #...         100%        1    None
 Call Imp                 Summ           #.......     100%        2    ##.....
 Call Canine Familiar     Summ           #.......     100%        3    ###....
 Summon Guardian Golem    Hex/Summ       #.......     100%        3    ###....
 Summon Ice Beast         Ice/Summ       #.......     100%        4    ####...
 Summon Lightning Spire   Summ/Air       #.......     100%        4    ####...


Dungeon Overview and Level Annotations

Branches:
Dungeon (6/15)             Temple (1/1) D:6

Altars:
Ashenzari
Cheibriados
Dithmenos
Elyvilon
Fedhas
Gozag
Hepliaklqana
Kikubaaqudgha
Makhleb
Nemelex Xobeh
Qazlal
Ru
Sif Muna
Trog
Vehumet
Wu Jian
Xom
Yredelemnul
Zin
The Shining One


Innate Abilities, Weirdness & Mutations

You have razor-sharp teeth.
Your natural rate of healing is unusually fast.
When hurt, damage is shared between your health and your magic reserves.
Your bite disrupts and absorbs the magic of your enemies.
Potions cannot restore your health.
You are immune to rotting.
You are partially covered in yellow scales. (AC +2)
Armour fits poorly on your strangely shaped body.


Message History

You bite the killer bee, but do no damage.
The killer bee is almost dead.
You block the killer bee's attack. x2
You miss the killer bee.
The killer bee is almost dead.
The killer bee stings you.
You are poisoned.
The killer bee poisons you! You block the killer bee's attack.
The killer bee stings you but does no damage.
You hit the killer bee.
The killer bee explodes!
The fiery explosion engulfs you!
You are engulfed in blazing flames.
You feel sick.
You hear an angry buzzing noise. x2; You hear a shout!
You are engulfed in blazing flames.
* * * LOW HITPOINT WARNING * * *
You feel sick.
Unknown command.
You are engulfed in blazing flames.
You die...

####.###.#####
#......%.....#
#.##.###.###.# #.#
### #.# .. #(# .#
# #§#
.###########.# #§#
...>..)).....# #@#
####†###########.#
......)..........#
####†#...##..#####
#...#.##..#
####......#..#
#.....#.#.#..##
#.##..........##
#....#.8.#.....#


There were no monsters in sight!

Vanquished Creatures
  Grinder (D:6)
  Edmund (D:4)
  An ice beast (D:6)
  A sky beast (D:6)
  A phantom (D:5)
  An ogre (D:4)
  A bullfrog (D:6)
  A gnoll sergeant (D:6)
  A water moccasin zombie (D:6)
  2 scorpions
  2 killer bees (D:6)
  2 howler monkeys
  A vampire bat (D:3)
  A crimson imp (D:4)
  A hound (D:6)
  2 orc wizards (D:3)
  Crazy Yiuf (D:4)
  Terence (D:2)
  2 iguanas
  5 worker ants
  A killer bee zombie (D:6)
  7 gnolls (D:6)
  10 adders
  6 worms (D:2)
  3 dart slugs (D:1)
  3 fire bats (D:3)
  6 leopard geckos
  19 orcs
  2 spectral bats (D:3)
  4 ball pythons
  3 bat skeletons (D:3)
  A bat zombie (D:3)
  6 giant cockroaches
  6 goblins
  5 hobgoblins
  14 jackals
  3 kobolds
  3 quokkas
  17 bats
  A bat simulacrum (D:3)
  2 frilled lizards
  A jackal skeleton (D:4)
  2 quokka zombies (D:5)
  5 rats
159 creatures vanquished.

Notes
Turn   | Place    | Note
-------+----------+-------------------------------------------
     0 | D:1      | Enroth the Vine Stalker Fighter began the quest for the
                  | Orb.
     0 | D:1      | Reached XP level 1. HP: 11/11 MP: 2/2
     9 | D:1      | Noticed a centaur
    52 | D:1      | Reached XP level 2. HP: 16/16 MP: 3/3
   561 | D:1      | Reached skill level 2 in Long Blades
   683 | D:1      | Reached XP level 3. HP: 20/20 MP: 4/4
  1346 | D:2      | Gained mutation: Your natural rate of healing is unusually
                  | fast. [Vine Stalker growth]
  1346 | D:2      | Reached XP level 4. HP: 20/24 MP: 5/5
  1590 | D:2      | Noticed Terence
  1596 | D:2      | Killed Terence
  1596 | D:2      | Reached skill level 3 in Long Blades
  1596 | D:2      | Reached skill level 1 in Spellcasting
  1596 | D:2      | Reached XP level 5. HP: 25/28 MP: 7/7
  1626 | D:2      | Found an ornate altar of the Wu Jian Council.
  1628 | D:2      | Found a basalt altar of Yredelemnul.
  1660 | D:2      | Noticed a moth of wrath
  1663 | D:2      | Found a bloodstained altar of Trog.
  1817 | D:2      | Found a deep blue altar of Sif Muna.
  2171 | D:3      | Reached XP level 6. HP: 31/32 MP: 9/9
  2253 | D:3      | Reached skill level 4 in Long Blades
  3143 | D:4      | Reached XP level 7. HP: 28/37 MP: 9/11
  3223 | D:4      | Noticed Edmund
  3244 | D:4      | Killed Edmund
  3447 | D:4      | Reached skill level 5 in Long Blades
  3528 | D:4      | Found a stormy altar of Qazlal.
  3563 | D:4      | Found a runed door.
  3915 | D:4      | Found a burning altar of Makhleb.
  4009 | D:4      | Noticed Crazy Yiuf
  4018 | D:4      | Killed Crazy Yiuf
  4086 | D:5      | Entered Level 5 of the Dungeon
  4106 | D:5      | Gained mutation: You have razor-sharp teeth. [Vine Stalker
                  | growth]
  4106 | D:5      | Reached XP level 8. HP: 40/42 MP: 13/13
  4217 | D:5      | Found a bloodstained altar of Trog.
  4768 | D:6      | Noticed Grinder
  4770 | D:6      | Gained mutation: Armour fits poorly on your strangely
                  | shaped body. [potion of mutation]
  4770 | D:6      | Gained mutation: You are partially covered in yellow
                  | scales. (AC +2) [potion of mutation]
  4772 | D:6      | Paralysed by Grinder for 6 turns
  4785 | D:6      | Killed Grinder
  4785 | D:6      | Reached skill level 6 in Long Blades
  4951 | D:6      | Found a blossoming altar of Fedhas.
  5027 | D:6      | Reached XP level 9. HP: 38/46 MP: 13/16
  5145 | D:6      | Reached skill level 5 in Shields
  5201 | D:6      | Found a staircase to the Ecumenical Temple.
  5214 | Temple   | Entered the Ecumenical Temple
  5364 | D:6      | Engulfed by a cloud of flame

Vault maps used:
D:1:      evilmike_arrival_come_back
D:2:      lemuel_blue_sif_altar, tgw_trog,
          chequers_temple_overflow_statue_of_worship, uniq_terence
D:3:      first_ration, glass_columns_b, grunt_ministairs_4, goddamned_bats
D:4:      makhleb_grotto_becter, lemuel_doored_altar, uniq_crazy_yiuf_cottage,
          uniq_edmund
D:5:      kennysheep_minor_cross, trog_three_pillars_becter
D:6:      kennysheep_mini_moat, minmay_temple_entry_sparse_star, uniq_grinder
Temple:   cyrus_circular_temple

Skill      XL: |  1  2  3  4  5  6  7  8  9 |
---------------+----------------------------+-----
Fighting       | 3 4 |  4.6
Long Blades    | 2 3 4 5 6 |  6.4
Shields        | 3 4 5 |  5.3
Armour         | 3 4 |  4.6
Spellcasting   | 1 2 3 4 |  4.6

Action                   |  1- 3 |  4- 6 |  7- 9 || total
-------------------------+-------+-------+-------++-------
Melee: Long sword        |    91 |   195 |   315 ||   601
       Bite              |    34 |    72 |   108 ||   214
  Use: Potion            |       |     1 |    13 ||    14
       Scroll            |       |       |     5 ||     5
  Eat: Chunk             |     1 |     7 |     7 ||    15
Armor: Scale mail        |    19 |    87 |    34 ||   140
       Skin              |       |       |     3 ||     3
       Plate armour      |       |       |   102 ||   102
Dodge: Dodged            |    23 |    77 |    51 ||   151
Block: Shield            |    47 |   102 |    59 ||   208
       Large shield      |       |       |   166 ||   166
       Rpst.: Long sword |     7 |    27 |    14 ||    48

Table legend:
 A = Non-vault XP
 B = Vault XP
 C = Vault XP percentage of total XP
 D = Non-vault monster count
 E = Vault monster count
 F = Vault count percentage of total count
                 A         B        C        D         E       F
            +---------+---------+-------+---------+---------+-------
      Total |    1952 |     772 |  28.3 |     126 |      33 |  20.8
            +---------+---------+-------+---------+---------+-------
        D:1 |      49 |       0 |   0.0 |      24 |       0 |   0.0
        D:2 |     113 |      57 |  33.5 |      23 |       6 |  20.7
        D:3 |     188 |     176 |  48.4 |      23 |      23 |  50.0
        D:4 |     363 |     249 |  40.7 |      16 |       3 |  15.8
        D:5 |     229 |       0 |   0.0 |      12 |       0 |   0.0
        D:6 |    1010 |     290 |  22.3 |      28 |       1 |   3.4
            +---------+---------+-------+---------+---------+-------
